TOP OF THE 1ST |
Gwinnett Braves batting - Pitching for El Paso Chihuahuas : RHP Jorge Guerrero
|
Pitching: RHP Jorge Guerrero
|
|
Batting: RHB Nate Taylor
|
0-0: Ball 1-0: Fly out, F8 (Flyball, 89M, EV 85.0 MPH)
|
Batting: RHB Edgar Castillo
|
0-0: Ground out 6-3 (Groundball, 56, EV 107.5 MPH)
|
Batting: LHB David Bramble
|
0-0: Ball 1-0: Ground out U3 (Groundball, 34S, EV 86.2 MPH)
|
Top of the 1st over - 0 runs, 0 hits, 0 errors, 0 left on base; Gwinnett 0 - El Paso 0 |
BOTTOM OF THE 1ST |
El Paso Chihuahuas batting - Pitching for Gwinnett Braves : LHP Kyle Foster
|
Pitching: LHP Kyle Foster
|
|
Batting: LHB Angel Mejia
|
0-0: Called Strike 0-1: Swinging Strike 0-2: Ball 1-2: Ball 2-2: Ball 3-2: Ground out 4-3 (Groundball, 4, EV 84.4 MPH)
|
Batting: RHB Andy Sheridan
|
0-0: Ball 1-0: Swinging Strike 1-1: Swinging Strike 1-2: Strikes out swinging, 2-3 out at first.
|
Batting: LHB Aaron LeBlanc
|
0-0: Foul Ball, location: 2F 0-1: Ball 1-1: Ball 2-1: Called Strike 2-2: Ball 3-2: SINGLE (Groundball, 4MD, EV 89.4 MPH) (infield hit)
|
Batting: RHB Jose Morrissey
|
0-0: Called Strike Aaron LeBlanc steals 2nd base 0-1: Ball 1-1: Fly out, F7 (Flyball, 78M, EV 85.6 MPH)
|
Bottom of the 1st over - 0 runs, 1 hit, 0 errors, 1 left on base; Gwinnett 0 - El Paso 0 |
TOP OF THE 2ND |
Gwinnett Braves batting - Pitching for El Paso Chihuahuas : RHP Jorge Guerrero
|
Batting: SHB Bob Morales
|
0-0: Called Strike 0-1: Ball 1-1: Swinging Strike 1-2: Fly out, F7 (Flyball, 78M, EV 89.4 MPH)
|
Batting: SHB Brian Bagley
|
0-0: Ball 1-0: Foul Ball, location: 2F 1-1: Ball 2-1: Ground out 3-1 (Groundball, 34S, EV 88.1 MPH)
|
Batting: LHB Chris Locklear
|
0-0: Ground out 1-3 (Groundball, 34S, EV 73.8 MPH)
|
Top of the 2nd over - 0 runs, 0 hits, 0 errors, 0 left on base; Gwinnett 0 - El Paso 0 |
BOTTOM OF THE 2ND |
El Paso Chihuahuas batting - Pitching for Gwinnett Braves : LHP Kyle Foster
|
Batting: RHB Eric Sandell
|
0-0: Foul Ball, location: 2F 0-1: Ball 1-1: Ball 2-1: Ball 3-1: Base on Balls
|
Batting: RHB Chase Briney
|
0-0: Foul Ball, location: 2F 0-1: Ball 1-1: Ball 2-1: Ball 3-1: Base on Balls Eric Sandell to second
|
Batting: SHB Adam Martin
|
0-0: Ball 1-0: Fly out, F7 (Flyball, 7LSF, EV 86.2 MPH)
|
Batting: LHB Anthony Mosley
|
0-0: Foul Ball, location: 2F 0-1: SINGLE (Groundball, 4M, EV 101.2 MPH) (infield hit) Eric Sandell to third Chase Briney to second
|
Batting: RHB Lamberto Amicis
|
0-0: Swinging Strike 0-1: Ball 1-1: SINGLE (Groundball, 56D, EV 106.2 MPH) Eric Sandell scores Chase Briney to third Anthony Mosley to second Runner from 3rd tries for Home, throw by LF and OUT! 7-2
|
Batting: LHB Angel Mejia
|
0-0: Fly out, F8 (Flyball, 8LXD, EV 96.2 MPH)
|
Bottom of the 2nd over - 1 run, 2 hits, 0 errors, 2 left on base; Gwinnett 0 - El Paso 1 |
TOP OF THE 3RD |
Gwinnett Braves batting - Pitching for El Paso Chihuahuas : RHP Jorge Guerrero
|
Batting: RHB Alex Munoz
|
0-0: Fly out, F9 (Flyball, 9, EV 88.8 MPH)
|
Batting: RHB Jesse Lester
|
0-0: Ball 1-0: Called Strike 1-1: SINGLE (Groundball, 25, EV 61.9 MPH) (infield hit)
|
Batting: SHB Eric Reeser
|
0-0: Grounds into double play, 4-6-3 (Groundball, 4, EV 86.2 MPH)
|
Top of the 3rd over - 0 runs, 1 hit, 0 errors, 0 left on base; Gwinnett 0 - El Paso 1 |
BOTTOM OF THE 3RD |
El Paso Chihuahuas batting - Pitching for Gwinnett Braves : LHP Kyle Foster
|
Batting: RHB Andy Sheridan
|
0-0: Called Strike 0-1: Called Strike 0-2: Ball 1-2: Foul Ball, location: 2F 1-2: Strikes out looking
|
Batting: LHB Aaron LeBlanc
|
0-0: DOUBLE (Line Drive, 89XD, EV 106.2 MPH)
|
Batting: RHB Jose Morrissey
|
0-0: Foul Ball, location: 2F 0-1: Fly out, F7 (Flyball, 78M, EV 85.0 MPH)
|
Batting: RHB Eric Sandell
|
0-0: Swinging Strike 0-1: Ball 1-1: Ball 2-1: Ball 3-1: Fly out, F9 (Flyball, 9, EV 73.1 MPH)
|
Bottom of the 3rd over - 0 runs, 1 hit, 0 errors, 1 left on base; Gwinnett 0 - El Paso 1 |
TOP OF THE 4TH |
Gwinnett Braves batting - Pitching for El Paso Chihuahuas : RHP Jorge Guerrero
|
Batting: RHB Nate Taylor
|
0-0: Ball 1-0: Called Strike 1-1: Foul Ball, location: 2F 1-2: Fly out, F9 (Flyball, 9D, EV 91.9 MPH)
|
Batting: RHB Edgar Castillo
|
0-0: Called Strike 0-1: Ball 1-1: Called Strike 1-2: Strikes out swinging
|
Batting: LHB David Bramble
|
0-0: Swinging Strike 0-1: Swinging Strike 0-2: Ball 1-2: Ball 2-2: Ball 3-2: Ground out 4-3 (Groundball, 4, EV 96.2 MPH)
|
Top of the 4th over - 0 runs, 0 hits, 0 errors, 0 left on base; Gwinnett 0 - El Paso 1 |
BOTTOM OF THE 4TH |
El Paso Chihuahuas batting - Pitching for Gwinnett Braves : LHP Kyle Foster
|
Batting: RHB Chase Briney
|
0-0: Foul Ball, location: 2F 0-1: Swinging Strike 0-2: Ball 1-2: Ball 2-2: Ball 3-2: Foul Ball, location: 2F 3-2: Fly out, F8 (Line Drive, 8RD, EV 88.1 MPH)
|
Batting: SHB Adam Martin
|
0-0: Foul Ball, location: 2F 0-1: SOLO HOME RUN (Flyball, 7D, EV 104.4 MPH), Distance : 387 ft
|
Batting: LHB Anthony Mosley
|
0-0: Ball 1-0: Ball 2-0: Swinging Strike 2-1: SINGLE (Groundball, 4S, EV 67.5 MPH) (infield hit)
|
Batting: RHB Lamberto Amicis
|
0-0: Ball 1-0: Called Strike 1-1: Ball 2-1: SINGLE (Line Drive, 9S, EV 101.2 MPH) Anthony Mosley to second
|
Batting: LHB Angel Mejia
|
0-0: Ball 1-0: Called Strike 1-1: Foul Ball, location: 2F 1-2: Strikes out swinging
|
Batting: RHB Andy Sheridan
|
0-0: Ball 1-0: Ball 2-0: Ball 3-0: Called Strike 3-1: Foul Ball, location: 2F 3-2: Strikes out looking
|
Bottom of the 4th over - 1 run, 3 hits, 0 errors, 2 left on base; Gwinnett 0 - El Paso 2 |
TOP OF THE 5TH |
Gwinnett Braves batting - Pitching for El Paso Chihuahuas : RHP Jorge Guerrero
|
Batting: SHB Bob Morales
|
0-0: Ball 1-0: Ball 2-0: Ball 3-0: Base on Balls
|
Batting: SHB Brian Bagley
|
0-0: Ball 1-0: Ball 2-0: Fly out, F8 (Flyball, 8RXD, EV 82.5 MPH) Runner from 1st tags up, SAFE at 2nd
|
Batting: LHB Chris Locklear
|
0-0: Ground out 5-3 (Groundball, 56, EV 98.8 MPH)
|
Batting: RHB Alex Munoz
|
0-0: Called Strike 0-1: SINGLE (Line Drive, 34D, EV 101.2 MPH) Bob Morales to third Runner from 3rd tries for Home, SAFE, throw by RF to home
|
Batting: RHB Jesse Lester
|
0-0: Ball 1-0: Ball 2-0: Foul Ball, location: 2F 2-1: Foul Ball, location: 2F 2-2: Fielders Choice at 2nd, 6-4 (Groundball, 56, EV 87.5 MPH)
|
Top of the 5th over - 1 run, 1 hit, 0 errors, 1 left on base; Gwinnett 1 - El Paso 2 |
BOTTOM OF THE 5TH |
El Paso Chihuahuas batting - Pitching for Gwinnett Braves : LHP Kyle Foster
|
Batting: LHB Aaron LeBlanc
|
0-0: Called Strike 0-1: Ball 1-1: Fly out, F8 (Flyball, 8RXD, EV 91.2 MPH)
|
Batting: RHB Jose Morrissey
|
0-0: Foul Ball, location: 2F 0-1: Foul Ball, location: 2F 0-2: SINGLE (Line Drive, 9S, EV 90.0 MPH)
|
Batting: RHB Eric Sandell
|
0-0: Called Strike 0-1: Swinging Strike 0-2: Ball 1-2: Ball 2-2: Ball 3-2: Strikes out swinging Jose Morrissey steals 2nd base (no throw) Batter strikes out.
|
Batting: RHB Chase Briney
|
0-0: Called Strike Jose Morrissey steals 3rd base 0-1: Foul Ball, location: 2F 0-2: Ball 1-2: SINGLE (Groundball, 3D, EV 100.6 MPH) Jose Morrissey scores
|
Batting: SHB Adam Martin
|
0-0: SINGLE (Flyball, 9LS, EV 93.8 MPH) Chase Briney to second Runner from 2nd tries for 3rd, SAFE, throw by RF made to third
|
Batting: LHB Anthony Mosley
|
0-0: SINGLE (Line Drive, 6D, EV 97.5 MPH) Chase Briney scores Adam Martin to second Runner from 2nd tries for 3rd, OUT! 8-5
|
Bottom of the 5th over - 2 runs, 4 hits, 0 errors, 1 left on base; Gwinnett 1 - El Paso 4 |
TOP OF THE 6TH |
Gwinnett Braves batting - Pitching for El Paso Chihuahuas : RHP Jorge Guerrero
|
Batting: SHB Eric Reeser
|
0-0: Ball 1-0: Called Strike 1-1: Ground out U3 (Groundball, 34, EV 85.6 MPH)
|
Batting: RHB Nate Taylor
|
0-0: Swinging Strike 0-1: Called Strike 0-2: Ground out 4-3 (Groundball, 4, EV 88.8 MPH)
|
Batting: RHB Edgar Castillo
|
0-0: Ball 1-0: Ball 2-0: Ball 3-0: Called Strike 3-1: Ground out 5-3 (Groundball, 56, EV 91.9 MPH)
|
Top of the 6th over - 0 runs, 0 hits, 0 errors, 0 left on base; Gwinnett 1 - El Paso 4 |
BOTTOM OF THE 6TH |
El Paso Chihuahuas batting - Pitching for Gwinnett Braves : LHP Kyle Foster
|
Batting: RHB Lamberto Amicis
|
0-0: Ball 1-0: Called Strike 1-1: Swinging Strike 1-2: Foul Ball, location: 2F 1-2: Foul Ball, location: 2F 1-2: Ball 2-2: Ball 3-2: Foul Ball, location: 2F 3-2: Fly out, F8 (Flyball, 8LS, EV 79.4 MPH)
|
Batting: LHB Angel Mejia
|
0-0: Called Strike 0-1: Ball 1-1: Fly out, F3 (Popup, 3S, EV 65.0 MPH)
|
Batting: RHB Andy Sheridan
|
0-0: Ball 1-0: Ground out 2-3 (Groundball, 2R, EV 65.0 MPH)
|
Bottom of the 6th over - 0 runs, 0 hits, 0 errors, 0 left on base; Gwinnett 1 - El Paso 4 |
TOP OF THE 7TH |
Gwinnett Braves batting - Pitching for El Paso Chihuahuas : RHP Jorge Guerrero
|
Batting: LHB David Bramble
|
0-0: Ball 1-0: Ball 2-0: Ball 3-0: Called Strike 3-1: Base on Balls
|
Batting: SHB Bob Morales
|
0-0: Fielders Choice at 2nd, 4-6 (Groundball, 4, EV 108.1 MPH)
|
Batting: SHB Brian Bagley
|
0-0: Called Strike 0-1: Ball 1-1: Ball 2-1: SINGLE (Groundball, 6D, EV 99.4 MPH) Bob Morales to second
|
Batting: LHB Chris Locklear
|
0-0: Swinging Strike 0-1: Foul Ball, location: 2F 0-2: Ball 1-2: Strikes out swinging
|
Batting: RHB Alex Munoz
|
0-0: Ball 1-0: Ball 2-0: Called Strike 2-1: Ball Wild Pitch! Bob Morales to third Brian Bagley to second 3-1: Ground out 6-3 (Groundball, 56, EV 103.1 MPH)
|
Top of the 7th over - 0 runs, 1 hit, 0 errors, 2 left on base; Gwinnett 1 - El Paso 4 |
BOTTOM OF THE 7TH |
El Paso Chihuahuas batting - Pitching for Gwinnett Braves : LHP Kyle Foster
|
Pitching: RHP Jonathan Ballejos
|
|
Batting: LHB Aaron LeBlanc
|
0-0: Called Strike 0-1: Ball 1-1: Ball 2-1: Called Strike 2-2: Strikes out swinging
|
DELAY
|
Rain delay of 18 minutes in the 7th inning.
|
Batting: RHB Jose Morrissey
|
0-0: Foul Ball, location: 2F 0-1: Foul Ball, location: 2F 0-2: Foul Ball, location: 2F 0-2: Strikes out swinging
|
Batting: RHB Eric Sandell
|
0-0: Ball 1-0: Called Strike 1-1: Ball 2-1: Ball 3-1: Called Strike 3-2: SINGLE (Groundball, 56D, EV 105.0 MPH)
|
Batting: RHB Chase Briney
|
0-0: Fielders Choice at 2nd, 6-4 (Groundball, 6, EV 95.6 MPH)
|
Bottom of the 7th over - 0 runs, 1 hit, 0 errors, 1 left on base; Gwinnett 1 - El Paso 4 |
TOP OF THE 8TH |
Gwinnett Braves batting - Pitching for El Paso Chihuahuas : RHP Jorge Guerrero
|
Batting: RHB Jesse Lester
|
0-0: Called Strike 0-1: Foul Ball, location: 2F 0-2: Ball 1-2: Ground out 3-1 (Groundball, 13, EV 90.0 MPH)
|
Batting: SHB Eric Reeser
|
0-0: Ball 1-0: Called Strike 1-1: DOUBLE (Line Drive, 78D, EV 103.8 MPH)
|
Batting: RHB Nate Taylor
|
0-0: Ball 1-0: Ball 2-0: Swinging Strike 2-1: Foul Ball, location: 2F 2-2: Foul Ball, location: 2F 2-2: Ball 3-2: Base on Balls
|
Batting: RHB Edgar Castillo
|
0-0: Ball 1-0: Called Strike 1-1: DOUBLE (Flyball, 89D, EV 111.2 MPH) Eric Reeser scores Nate Taylor to third
|
Batting: LHB David Bramble
|
0-0: Swinging Strike 0-1: Called Strike 0-2: Strikes out swinging
|
Batting: SHB Bob Morales
|
0-0: Ball 1-0: Ground out 6-3 (Groundball, 4MD, EV 80.0 MPH)
|
Top of the 8th over - 1 run, 2 hits, 0 errors, 2 left on base; Gwinnett 2 - El Paso 4 |
BOTTOM OF THE 8TH |
El Paso Chihuahuas batting - Pitching for Gwinnett Braves : RHP Jonathan Ballejos
|
Batting: SHB Adam Martin
|
0-0: Ball 1-0: Ball 2-0: Ball 3-0: Called Strike 3-1: Foul Ball, location: 2F 3-2: Foul Ball, location: 2F 3-2: Foul Ball, location: 2F 3-2: SINGLE (Line Drive, 8RS, EV 91.2 MPH)
|
Batting: LHB Anthony Mosley
|
0-0: Called Strike 0-1: Called Strike 0-2: Strikes out looking
|
Batting: RHB Lamberto Amicis
|
0-0: Called Strike Adam Martin steals 2nd base 0-1: Ball 1-1: Ground out 4-3 (Groundball, 4M, EV 100.0 MPH) Adam Martin to third
|
Batting: LHB Angel Mejia
|
0-0: Intentional Walk
|
Batting: RHB Andy Sheridan
|
0-0: Called Strike 0-1: Ball 1-1: Ball 2-1: Foul Ball, location: 2F 2-2: Foul Ball, location: 2F 2-2: Ball 3-2: Base on Balls Angel Mejia to second
|
Batting: LHB Aaron LeBlanc
|
0-0: Foul Ball, location: 2F 0-1: Ball 1-1: Foul Ball, location: 2F 1-2: SINGLE (Groundball, 3D, EV 95.6 MPH) Adam Martin scores Angel Mejia to third Andy Sheridan to second Runner from 3rd tries for Home, SAFE, throw by RF to home
|
Batting: RHB Jose Morrissey
|
0-0: Ball 1-0: Ball 2-0: Ball 3-0: Base on Balls Andy Sheridan to third Aaron LeBlanc to second
|
Pitching: LHP Pete McAllister
|
|
Batting: RHB Eric Sandell
|
0-0: Ball 1-0: Ball 2-0: SINGLE (Groundball, 6MD, EV 101.2 MPH) Andy Sheridan scores Aaron LeBlanc to third Jose Morrissey to second Runner from 3rd tries for Home, SAFE, throw by CF to home
|
Batting: RHB Chase Briney
|
0-0: Ball 1-0: Reached on error, E5 (Groundball, 56S, EV 86.9 MPH) Jose Morrissey to third Eric Sandell to second
|
Batting: SHB Adam Martin
|
0-0: Called Strike 0-1: Called Strike 0-2: Foul Ball, location: 2F 0-2: Strikes out swinging
|
Bottom of the 8th over - 4 runs, 3 hits, 1 error, 3 left on base; Gwinnett 2 - El Paso 8 |
TOP OF THE 9TH |
Gwinnett Braves batting - Pitching for El Paso Chihuahuas : RHP Jorge Guerrero
|
Batting: SHB Brian Bagley
|
0-0: Ball 1-0: Ball 2-0: Ball 3-0: Ground out U3 (Groundball, 3, EV 90.6 MPH)
|
Batting: LHB Chris Locklear
|
0-0: Ball 1-0: Fly out, F8 (Flyball, 78M, EV 96.2 MPH)
|
Batting: RHB Alex Munoz
|
0-0: Ball 1-0: Called Strike 1-1: Called Strike 1-2: Ball 2-2: Ball 3-2: Foul Ball, location: 2F 3-2: Base on Balls
|
Pitching: RHP Nate Ragain
|
|
Batting: RHB Jesse Lester
|
0-0: Ball 1-0: Ball 2-0: Ball 3-0: Base on Balls Alex Munoz to second
|
Batting: SHB Eric Reeser
|
0-0: Swinging Strike 0-1: Ball 1-1: Ball 2-1: Ball 3-1: Foul Ball, location: 2F 3-2: SINGLE (Groundball, 4MS, EV 70.6 MPH) (infield hit) Alex Munoz to third Jesse Lester to second
|
Batting: RHB Nate Taylor
|
0-0: Foul Ball, location: 2F 0-1: Called Strike 0-2: Ball 1-2: Ball 2-2: Foul Ball, location: 2F 2-2: Strikes out swinging
|
Top of the 9th over - 0 runs, 1 hit, 0 errors, 3 left on base; Gwinnett 2 - El Paso 8 |
|